 Dungeon Crawl Stone Soup version 0.29.1-2-gbd0b4ee654 (webtiles) character file.

Game seed: 1642267443299264604

42 GeoRichter the Conjurer (level 3, -2/19 HPs)
             Began as a Tengu Hedge Wizard on Nov 13, 2022.
             Slain by an adder (4 damage)
             ... on level 2 of the Dungeon.
             The game lasted 00:02:00 (1879 turns).

GeoRichter the Conjurer (Tengu Hedge Wizard)        Turns: 1879, Time: 00:02:00

Health: -2/19      AC:  2    Str: 10    XL:     3   Next: 56%
Magic:  2/8        EV: 12    Int: 16    God:
Gold:   77         SH:  0    Dex: 13    Spells: 4/8 levels left

rFire   . . .      SeeInvis .   a - +0 dagger
rCold   . . .      Faith    .   (no shield)
rNeg    . . .      Spirit   .   b - +0 robe
rPois   .          Reflect  .   c - +0 hat
rElec   .          Harm     .   (no cloak)
rCorr   .          Rampage  .   (no gloves)
Will    +....                   (boots unavailable)
Stlth   ++........              (no amulet)
HPRegen 0.06/turn               i - ring of willpower
MPRegen 0.11/turn               (no ring)

@: lethally poisoned (-2 -> -3)
A: beak, talons 3
a: no special abilities


You were on level 2 of the Dungeon.
You visited 1 branch of the dungeon, and saw 2 of its levels.

You collected 77 gold pieces.

Inventory:

Hand Weapons
 a - a +0 dagger (weapon)
Armour
 b - a +0 robe (worn)
 c - a +0 hat (worn)
Magical Staves
 l - a staff of conjuration {!a}
   (You found it on level 2 of the Dungeon)
Jewellery
 i - a ring of willpower (left hand)
   (You found it on level 1 of the Dungeon)
Scrolls
 e - a scroll of amnesia {unknown}
Potions
 d - a potion of magic
 f - a potion of ambrosia {unknown}
 g - 2 potions of curing {unknown}
 h - a potion of resistance {unknown}
 j - a potion of brilliance {unknown}
 k - a potion of mutation {unknown}


   Skills:
 - Level 2.1 Dodging
 - Level 2.0 Stealth
 + Level 3.4 Spellcasting
 * Level 3.7 Conjurations
 - Level 1.2 Summonings
 - Level 0.7 Translocations
 * Level 0.4 Air Magic


You had 4 spell levels left.
You knew the following spells:

 Your Spells              Type           Power      Damage    Failure   Level
a - Magic Dart            Conj           56%        1d5       4%          1
b - Mephitic Cloud        Conj/Pois/Air  7%         N/A       30%         3

Your spell library contained the following spells:

 Spells                   Type           Power      Damage    Failure   Level
 Call Imp                 Summ           6%         N/A       17%         2
 Slow                     Hex            8%         N/A       19%         1
 Blink                    Tloc           10%        N/A       21%         2
 Conjure Flame            Conj/Fire      8%         6-21      26%         3


Dungeon Overview and Level Annotations

Branches:
Dungeon (2/15) Zot: 10120

Altars:


Innate Abilities, Weirdness & Mutations

You have a beak for a mouth.
You have claws for feet.


Message History

You hit the giant cockroach. You claw the giant cockroach.
You kill the giant cockroach!
No target in view!
No target in view!
Found a glowing coppery potion.
k - a glowing coppery potion
Found a knobbly jewelled staff.
You see here a staff of conjuration {!a}.
l - a staff of conjuration {!a} A ball python comes into view.
The ball python hisses angrily.
A ball python is nearby!
The magic dart hits the ball python.
The ball python closely misses you. The ball python misses you.
The ball python closely misses you. The ball python grabs you.
The ball python constricts you.
The magic dart hits the ball python.
You kill the ball python!
You can't see any susceptible monsters within range! (Use Z to cast anyway.)
Found a robe.
An endoplasm comes into view.
Found a ring mail.
The endoplasm moves out of view.
An adder comes into view.
The magic dart hits the adder.
The adder hisses angrily.
The magic dart hits the adder.
You hit the adder but do no damage. Your kick misses the adder.
The adder bites you.
You are poisoned.
The adder poisons you!
You miss the adder.
You feel sick. The adder bites you but does no damage. The adder bites you.
* * * LOW HITPOINT WARNING * * *
You are too injured to fight recklessly!
You are too injured to fight recklessly!
Aim: an adder (heavily wounded, 100% to hit)
The magic dart hits the adder.
You feel sick. The adder bites you.
* * * LOW HITPOINT WARNING * * *
Aim: an adder (severely wounded, 100% to hit)
The magic dart hits the adder.
You feel sick. The adder barely misses you.
Aim: an adder (severely wounded, 100% to hit)
The magic dart hits the adder.
You feel sick. The adder closely misses you. The adder bites you.
* * * LOW HITPOINT WARNING * * *
Aim: an adder (almost dead, 100% to hit)
The magic dart hits the adder.
* * * LOW HITPOINT WARNING * * *
You feel sick. The adder bites you.
You die...

... ...[ ##..#
...# #..######.###
######..##.S......
....#...##@###.#
#..[...........#
#.#.#...##.#####
...........#
#.####..#### #..#
#.####..# #####
#.......# ....#
######.##


You could see an adder.

Vanquished Creatures
  An adder (D:2)
  A dart slug (D:2)
  4 bats (D:1)
  3 endoplasms
  3 giant cockroaches
  A goblin (D:1)
  4 hobgoblins
  A kobold (D:1)
  2 quokkas (D:1)
  3 ball pythons
  3 frilled lizards (D:1)
  5 rats
31 creatures vanquished.

Notes
Turn   | Place    | Note
-------+----------+-------------------------------------------
     0 | D:1      | GeoRichter the Tengu Hedge Wizard began the quest for the
                  | Orb.
     0 | D:1      | Reached XP level 1. HP: 10/10 MP: 5/5
   114 | D:1      | Reached XP level 2. HP: 15/15 MP: 1/7
  1124 | D:2      | Reached XP level 3. HP: 19/19 MP: 2/8
  1443 | D:2      | Learned a level 3 spell: Mephitic Cloud
  1879 | D:2      | Slain by an adder

Illustrated notes

Levels and vault maps discovered:
D:1:      doesnt_arrival_eight_statues, layout_loops_ring
D:2:      layout_loops_corners, columned_hall_lemuel, minmay_curled_crystal,
          uniq_crazy_yiuf_cottage

Skill      XL: |  1  2 |
---------------+-------+-----
Conjurations   | 2 3 |  3.7
Dodging        | |  2.1
Stealth        | |  2.0
Spellcasting   | |  3.4
Summonings     | |  1.2
Translocations | |  0.7
Air Magic      | |  0.4

Action                   || total
-------------------------++-------
Melee: Dagger            ||    38
       Peck              ||     8
       Kick              ||     7
 Cast: Magic Dart        ||    64
Armor: Robe              ||     7
Dodge: Dodged            ||    30
